Workbook
Name \0: #REF!
Name \0: #REF!
Name _________________________esc15: #REF!
Name _________________________esc15: #REF!
Name _________________________esc4: #REF!
Name _________________________esc4: #REF!
Name _________________________esc6: #REF!
Name _________________________esc6: #REF!
Name ________________________esc15: #REF!
Name ________________________esc15: #REF!
Name ________________________esc4: #REF!
Name ________________________esc4: #REF!
Name ________________________esc6: #REF!
Name ________________________esc6: #REF!
Name _______________________esc15: #REF!
Name _______________________esc15: #REF!
Name _______________________esc4: #REF!
Name _______________________esc4: #REF!
Name _______________________esc6: #REF!
Name _______________________esc6: #REF!
Name ______________________esc15: #REF!
Name ______________________esc15: #REF!
Name ______________________esc4: #REF!
Name ______________________esc4: #REF!
Name ______________________esc6: #REF!
Name ______________________esc6: #REF!
Name ____________________esc15: #REF!
Name ____________________esc15: #REF!
Name ____________________esc4: #REF!
Name ____________________esc4: #REF!
Name ____________________esc6: #REF!
Name ____________________esc6: #REF!
Name ___________________esc15: #REF!
Name ___________________esc15: #REF!
Name ___________________esc4: #REF!
Name ___________________esc4: #REF!
Name ___________________esc6: #REF!
Name ___________________esc6: #REF!
Name __________________esc15: #REF!
Name __________________esc15: #REF!
Name __________________esc4: #REF!
Name __________________esc4: #REF!
Name __________________esc6: #REF!
Name __________________esc6: #REF!
Name _________________esc15: #REF!
Name _________________esc15: #REF!
Name _________________esc4: #REF!
Name _________________esc4: #REF!
Name _________________esc6: #REF!
Name _________________esc6: #REF!
Name _______________esc15: #REF!
Name _______________esc15: #REF!
Name _______________esc4: #REF!
Name _______________esc4: #REF!
Name _______________esc6: #REF!
Name _______________esc6: #REF!
Name ______________esc15: #REF!
Name ______________esc15: #REF!
Name ______________esc4: #REF!
Name ______________esc4: #REF!

Sheet PLANILHA_RECONSTRUÇÃO
A1: CIRCUITO ENGENHARIA E CONSTRUÇÕES LTDA
A2: CNPJ: 04 047.735/0001-21
A3: PREFEITURA MUNICIPAL DE SANTA LUZIA
A6: Objeto: Reparo de danos decorrentes da chuva no municipio de Santa Luzia/MG | G6: Referências de preço
G7: SINAPI 06/22, SICRO 04/22
A9: Santa Luzia, 08 de novembro de 2022 | G9: Encargos | I9: BDI | J9: Valor total de Referência
G10: Não Desonerado | I10: =BDI!I29 -> 0.24211461 | J10: =J13 -> 1674989
A11: PLANILHA ORÇAMENTÁRIA
A12: ITEM | B12: FONTE | C12: CÓDIGO | D12: DESCRIÇÃO | E12: UNID | F12: QUANT | G12: CUSTO UNIT. S/BDI | H12: CUSTO UNIT. S/BDI | I12: PREÇO UNIT. C/ BDI | J12: PREÇO TOTAL C/BDI | K12: PESO (%)
B13: META | C13: 2 | D13: MG020-PINHOES | J13: =SUBTOTAL(9,J14:J34) -> 1674989 | K13: =J13/$J$13 -> 1 | L13: 1861205.2 | M13: =J13/L13 -> 0.89994861
A14: 1 | D14: SERVIÇOS PRELIMINARES | I14: =G14*(1+$I$10) -> 0 | J14: =SUBTOTAL(9,J15:J19) -> 6340.41 | K14: =J14/$J$13 -> 0.0037853442
A15: 1.1 | B15: COMPOSIÇÃO | C15: CP-01 | D15: PLACA DE OBRA EM CHAPA GALVANIZADA N.22 - ADESIVADA - AFIXADA COM PEÇAS DE MADEIRA ROLIÇA TRATADA - D=12 A 15 CM | E15: U | F15: 1 | G15: 1599.17 | H15: =ROUND(G15*0.9,2) -> 1439.25 | I15: =H15*(1+$I$10) -> 1787.7135 | J15: =ROUND(I15*F15,2) -> 1787.71 | K15: =J15/$J$13 -> 0.0010672965
A16: 1.2 | B16: COMPOSIÇÃO | C16: CP-02 | D16: PROTEÇAO COM TELA TAPUME LARANJA - INCLUSIVE BASE - PEÇA 5 X 5 CM EM PINUS OU EQUIVALENTE DA REGIÃO | E16: M | F16: 45 | G16: 16.3 | H16: =ROUND(G16*0.9,2) -> 14.67 | I16: =H16*(1+$I$10) -> 18.221821 | J16: =ROUND(I16*F16,2) -> 819.98 | K16: =J16/$J$13 -> 0.00048954351
A17: 1.3 | B17: SINAPI-I | C17: 10777 | D17: LOCACAO DE CONTAINER 2,30 X 4,30 M, ALT. 2,50 M, PARA SANITARIO, COM 3 BACIAS, 4 CHUVEIROS, 1 LAVATORIO E 1 MICTORIO (NAO INCLUI MOBILIZACAO/DESMOBILIZACAO) | E17: MÊS | F17: 3 | G17: 1044.01 | H17: =ROUND(G17*0.9,2) -> 939.61 | I17: =H17*(1+$I$10) -> 1167.1033 | J17: =ROUND(I17*F17,2) -> 3501.31 | K17: =J17/$J$13 -> 0.002090348
A18: 1.4 | B18: SICRO | C18: 5213383 | D18: Cavalete em polietileno zebrado com faixa refletiva - H = 1,00 m - utilização de 600 ciclos - fornecimento, 01 implantação e 01retirada diária | E18: un.dia | F18: 90 | G18: 1.49 | H18: =ROUND(G18*0.9,2) -> 1.34 | I18: =H18*(1+$I$10) -> 1.6644336 | J18: =ROUND(I18*F18,2) -> 149.8 | K18: =J18/$J$13 -> 8.9433422e-05
A19: 1.5 | B19: SICRO | C19: 5213835 | D19: Cone plástico para canalização de trânsito - utilização de 150 ciclos - fornecimento, 01 implantação e 01 retirada diária | E19: un.dia | F19: 90 | G19: 0.81 | H19: =ROUND(G19*0.9,2) -> 0.73 | I19: =H19*(1+$I$10) -> 0.90674367 | J19: =ROUND(I19*F19,2) -> 81.61 | K19: =J19/$J$13 -> 4.8722707e-05
A20: 2 | D20: TOPOGRAFIA | I20: =G20*(1+$I$10) -> 0 | J20: =SUBTOTAL(9,J21) -> 2159.23 | K20: =J20/$J$13 -> 0.001289101
A21: 2.1 | B21: COMPOSIÇÃO | C21: CP-03 | D21: EQUIPE DE TOPOGRAFIA | E21: H | F21: 15 | G21: 128.77 | H21: =ROUND(G21*0.9,2) -> 115.89 | I21: =H21*(1+$I$10) -> 143.94866 | J21: =ROUND(I21*F21,2) -> 2159.23 | K21: =J21/$J$13 -> 0.001289101
A22: 3 | D22: TRABALHOS EM TERRA | I22: =G22*(1+$I$10) -> 0 | J22: =SUBTOTAL(9,J23:J25) -> 131077.12 | K22: =J22/$J$13 -> 0.07825551
A23: 3.1 | B23: SINAPI | C23: 101267 | D23: ESCAVAÇÃO VERTICAL A CÉU ABERTO, EM OBRAS DE INFRAESTRUTURA, INCLUINDO CARGA, DESCARGA E TRANSPORTE, EM SOLO DE 1ª CATEGORIA COM ESCAVADEIRA HIDRÁULICA (CAÇAMBA: 1,2 M³ / 155HP), FROTA DE 4 CAMINHÕES BASCULANTES DE 10 M³, DMT ATÉ 1 KM | E23: M3 | F23: 2057 | G23: 10.55 | H23: =ROUND(G23*0.9,2) -> 9.5 | I23: =H23*(1+$I$10) -> 11.800089 | J23: =ROUND(I23*F23,2) -> 24272.78 | K23: =J23/$J$13 -> 0.014491307
A24: 3.2 | B24: SINAPI | C24: 95875 | D24: TRANSPORTE COM CAMINHÃO BASCULANTE DE 10 M³, EM VIA URBANA PAVIMENTADA, DMT ATÉ 30 KM (UNIDADE: M3XKM). AF_07/2020 | E24: M3XKM | F24: 25987.5 | G24: 2.36 | H24: =ROUND(G24*0.9,2) -> 2.12 | I24: =H24*(1+$I$10) -> 2.633283 | J24: =ROUND(I24*F24,2) -> 68432.44 | K24: =J24/$J$13 -> 0.040855456
A25: 3.3 | B25: SINAPI | C25: 93361 | D25: REATERRO MECANIZADO DE VALA COM ESCAVADEIRA HIDRÁULICA (CAPACIDADE DA CAÇAMBA: 0,8 M³ / POTÊNCIA: 111 HP), LARGURA ATÉ 1,5 M, PROFUNDIDADE DE 1,5 A 3,0 M, COM SOLO DE 1ª CATEGORIA EM LOCAIS COM ALTO NÍVEL DE INTERFERÊNCIA. AF_04/2016 | E25: M3 | F25: =F23/1.1 -> 1870 | G25: 18.35 | H25: =ROUND(G25*0.9,2) -> 16.52 | I25: =H25*(1+$I$10) -> 20.519733 | J25: =ROUND(I25*F25,2) -> 38371.9 | K25: =J25/$J$13 -> 0.022908747
A26: 4 | D26: CONTENÇÕES | I26: =G26*(1+$I$10) -> 0 | J26: =SUBTOTAL(9,J27:J28) -> 1413745.1 | K26: =J26/$J$13 -> 0.84403243
A27: 4.1 | B27: SICRO | C27: 3205870 | D27: Gabião caixa 2 x 1 x 1,00 m Zn/Al - D = 2,7 mm - pedra de mão comercial - fornecimento e assentamento | E27: M3 | F27: 1870 | G27: 664.24 | H27: =ROUND(G27*0.9,2) -> 597.82 | I27: =H27*(1+$I$10) -> 742.56096 | J27: =ROUND(I27*F27,2) -> 1388589 | K27: =J27/$J$13 -> 0.82901379
A28: 4.2 | B28: SICRO | C28: 3205876 | D28: Gabião colchão espessura 0,30 m - Zn/Al + PVC - D = 2,0 mm - pedra de mão comercial - fornecimento e assentamento | E28: M2 | F28: 71.4 | G28: 315.17 | H28: =ROUND(G28*0.9,2) -> 283.65 | I28: =H28*(1+$I$10) -> 352.32581 | J28: =ROUND(I28*F28,2) -> 25156.06 | K28: =J28/$J$13 -> 0.015018642
A29: 5 | D29: DRENAGEM | I29: =G29*(1+$I$10) -> 0 | J29: =SUBTOTAL(9,J30) -> 2100.19 | K29: =J29/$J$13 -> 0.001253853
A30: 5.1 | B30: SINAPI | C30: 94289 | D30: EXECUÇÃO DE SARJETA DE CONCRETO USINADO, MOLDADA IN LOCO EM TRECHO RETO, 45 CM BASE X 10 CM ALTURA. AF_06/2016 | E30: M | F30: 34 | G30: 55.25 | H30: =ROUND(G30*0.9,2) -> 49.73 | I30: =H30*(1+$I$10) -> 61.77036 | J30: =ROUND(I30*F30,2) -> 2100.19 | K30: =J30/$J$13 -> 0.001253853
A31: 6 | D31: SERVIÇOS COMPLEMENTARES | I31: =G31*(1+$I$10) -> 0 | J31: =SUBTOTAL(9,J32) -> 2477.32 | K31: =J31/$J$13 -> 0.0014790067
A32: 6.1 | B32: SINAPI | C32: 94275 | D32: ASSENTAMENTO DE GUIA (MEIO-FIO) EM TRECHO RETO, CONFECCIONADA EM CONCRETO PRÉ-FABRICADO, DIMENSÕES 100X15X13X20 CM (COMPRIMENTO X BASE INFERIOR X BASE SUPERIOR X ALTURA), PARA URBANIZAÇÃO INTERNA DE EMPREENDIMENTOS. AF_06/2016_P | E32: M | F32: 34 | G32: 65.18 | H32: =ROUND(G32*0.9,2) -> 58.66 | I32: =H32*(1+$I$10) -> 72.862443 | J32: =ROUND(I32*F32,2) -> 2477.32 | K32: =J32/$J$13 -> 0.0014790067
A33: 7 | D33: ADMINISTRAÇÃO LOCAL | I33: =G33*(1+$I$10) -> 0 | J33: =SUBTOTAL(9,J34) -> 117089.7 | K33: =J33/$J$13 -> 0.069904757
A34: 7.1 | D34: ADMINISTRACAO LOCAL - 10,68% - CONFORME ACÓRDÃO TCU 2622/2013-INCLUSIVE VEICULO PARA FISCALIZACAO | E34: UN | F34: 1 | G34: 104740.47 | H34: =ROUND(G34*0.9,2) -> 94266.42 | I34: =H34*(1+$I$10) -> 117089.7 | J34: =ROUND(I34*F34,2) -> 117089.7 | K34: =J34/$J$13 -> 0.069904757

Sheet BDI
A1: CIRCUITO ENGENAHRIA E CONSTRUÇÕES LTDA
A2: CNPJ: 04.047.735/0001-21
A3: PREFEITURA MUNICIPAL DE SANTA LUZIA
A7: ='[9]PLANILHA-GERAL'!A4 -> Objeto: Reparo de danos decorrentes da chuva no municipio de Santa Luzia/MG
A8: =PLANILHA_RECONSTRUÇÃO!A9:F9 -> Santa Luzia, 08 de novembro de 2022
A9: Acórdão TCU 2622/2013
A10: Parâmetros para cálculo do BDI
A11: Itens Admissíveis | B11: Intervalos admissíveis sem justificativa | H11: Índices adotados
A13: Administração Central (AC) | B13: De | C13: 0.038 | E13: até | F13: 0.0467 | H13: Administração Central (AC) | I13: 0.0467
A14: Seguro e Garantia (S+G) | B14: De | C14: 0.0032 | E14: até | F14: 0.0074 | H14: Seguro e Garantia (S+G) | I14: 0.0074
A15: Risco (R) | B15: De | C15: 0.005 | E15: até | F15: 0.0097 | H15: Risco (R) | I15: 0.0056
A16: Despesas financeiras (DF) | B16: De | C16: 0.0102 | E16: até | F16: 0.0121 | H16: Despesas financeiras (DF) | I16: 0.0121
A17: Lucro (L) | B17: De | C17: 0.0664 | E17: até | F17: 0.0869 | H17: Lucro (L) | I17: 0.0869
A18: ISS | B18: De | C18: 0.02 | E18: até | F18: 0.05 | H18: Tributos (T) | I18: 0.025
A19: PIS+COFINS | F19: 0.0365 | H19: PIS+COFINS | I19: 0.0365
A20: CPRB | C20: 0 | E20: ou | F20: 0.045 | H20: INSS desoneração (E) | I20: 0
A21: Controle
A22: Administração Central (AC) | B22: OK
A23: Seguro e Garantia (S+G) | B23: OK
A24: Risco (R) | B24: OK
A25: Despesas financeiras (DF) | B25: OK
A26: Lucro (L) | B26: OK
A27: Tributos (T) | B27: OK
A28: INSS desoneração (E) | B28: OK
A29: BDI CALCULADO ----> | B29: BDI = (1+AC+S+R+G)*(1+DF)*(1+L)/(1-(T+E)) | I29: =((1+I13+I14+I15)*(1+I16)*(1+I17))/(1-(I18+I20+I19))-1 -> 0.24211461

Sheet CRONO_MG20-PINHÕES
A1: CIRCUITO ENGENHARIA E CONSTRUÇÕES LTDA
A2: CNPJ: 04.047.735/0001-21
A3: PREFEITURA MUNICIPAL DE SANTA LUZIA
A6: ='[10]ORC. RUA CHINA'!A3:D3 -> Objeto: Reparo de danos decorrentes da chuva no municipio de Santa Luzia/MG
A8: =PLANILHA_RECONSTRUÇÃO!A9 -> Santa Luzia, 08 de novembro de 2022
A9: Cronograma FÍsico-Financeiro - MG020-PINHÕES
A10: ITEM | B10: DISCRIMINAÇÃO | C10: VALOR | D10: DIA
D11: 30 | E11: 60 | F11: 90 | G11: 120 | H11: 150 | I11: 180
A13: 1 | B13: =VLOOKUP(A13,PLANILHA_RECONSTRUÇÃO!$A$14:$J$34,4,FALSE) -> SERVIÇOS PRELIMINARES | C13: =PLANILHA_RECONSTRUÇÃO!J14 -> 6340.41 | D13: 1
D14: =D$13*$C$13 -> 6340.41 | E14: =E$13*$C$13 -> 0 | F14: =F$13*$C$13 -> 0 | G14: =G$13*$C$13 -> 0 | H14: =H$13*$C$13 -> 0 | I14: =I$13*$C$13 -> 0
A15: 2 | B15: =VLOOKUP(A15,PLANILHA_RECONSTRUÇÃO!$A$14:$J$34,4,FALSE) -> TOPOGRAFIA | C15: =PLANILHA_RECONSTRUÇÃO!J20 -> 2159.23 | D15: 1
D16: =D$15*$C$15 -> 2159.23 | E16: =E$15*$C$15 -> 0 | F16: =F$15*$C$15 -> 0 | G16: =G$15*$C$15 -> 0 | H16: =H$15*$C$15 -> 0 | I16: =I$15*$C$15 -> 0
A17: 3 | B17: =VLOOKUP(A17,PLANILHA_RECONSTRUÇÃO!$A$14:$J$34,4,FALSE) -> TRABALHOS EM TERRA | C17: =PLANILHA_RECONSTRUÇÃO!J22 -> 131077.12 | E17: 0.5 | F17: 0.5
D18: =D$17*$C$17 -> 0 | E18: =E$17*$C$17 -> 65538.56 | F18: =F$17*$C$17 -> 65538.56 | G18: =G$17*$C$17 -> 0 | H18: =H$17*$C$17 -> 0 | I18: =I$17*$C$17 -> 0
A19: 4 | B19: =VLOOKUP(A19,PLANILHA_RECONSTRUÇÃO!$A$14:$J$34,4,FALSE) -> CONTENÇÕES | C19: =PLANILHA_RECONSTRUÇÃO!J26 -> 1413745.1 | F19: 0.25 | G19: 0.5 | H19: 0.25
D20: =D$19*$C$19 -> 0 | E20: =E$19*$C$19 -> 0 | F20: =F$19*$C$19 -> 353436.26 | G20: =G$19*$C$19 -> 706872.53 | H20: =H$19*$C$19 -> 353436.26 | I20: =I$19*$C$19 -> 0
A21: 5 | B21: =VLOOKUP(A21,PLANILHA_RECONSTRUÇÃO!$A$14:$J$34,4,FALSE) -> DRENAGEM | C21: =PLANILHA_RECONSTRUÇÃO!J29 -> 2100.19 | H21: 0 | I21: 1
D22: =D$21*$C$21 -> 0 | E22: =E$21*$C$21 -> 0 | F22: =F$21*$C$21 -> 0 | G22: =G$21*$C$21 -> 0 | H22: =H$21*$C$21 -> 0 | I22: =I$21*$C$21 -> 2100.19
A23: 6 | B23: =VLOOKUP(A23,PLANILHA_RECONSTRUÇÃO!$A$14:$J$34,4,FALSE) -> SERVIÇOS COMPLEMENTARES | C23: =PLANILHA_RECONSTRUÇÃO!J31 -> 2477.32 | I23: 1
D24: =D$23*$C$23 -> 0 | E24: =E$23*$C$23 -> 0 | F24: =F$23*$C$23 -> 0 | G24: =G$23*$C$23 -> 0 | H24: =H$23*$C$23 -> 0 | I24: =I$23*$C$23 -> 2477.32
A25: 7 | B25: =VLOOKUP(A25,PLANILHA_RECONSTRUÇÃO!$A$14:$J$34,4,FALSE) -> ADMINISTRAÇÃO LOCAL | C25: =PLANILHA_RECONSTRUÇÃO!J33 -> 117089.7 | D25: 0.0070308674 | E25: 0.045807685 | F25: 0.26989328 | G25: 0.44817119 | H25: 0.2240856 | I25: 0.0050113777
D26: =D$25*$C$25 -> 823.24215 | E26: =E$25*$C$25 -> 5363.6081 | F26: =F$25*$C$25 -> 31601.723 | G26: =G$25*$C$25 -> 52476.23 | H26: =H$25*$C$25 -> 26238.115 | I26: =I$25*$C$25 -> 586.78071
A27: % SIMPLES | D27: =D28/$I$30 -> 0.0055659363 | E27: =E28/$I$30 -> 0.04232993 | F27: =F28/$I$30 -> 0.26900269 | G27: =G28/$I$30 -> 0.45334551 | H27: =H28/$I$30 -> 0.22667276 | I27: =I28/$I$30 -> 0.0030831788
A28: R$ SIMPLES | D28: =D14+D16+D18+D20+D22+D24+D26 -> 9322.8821 | E28: =E14+E16+E18+E20+E22+E24+E26 -> 70902.168 | F28: =F14+F16+F18+F20+F22+F24+F26 -> 450576.55 | G28: =G14+G16+G18+G20+G22+G24+G26 -> 759348.76 | H28: =H14+H16+H18+H20+H22+H24+H26 -> 379674.38 | I28: =I14+I16+I18+I20+I22+I24+I26 -> 5164.2907
A29: % ACUMULADO | D29: =D27 -> 0.0055659363 | E29: =D29+E27 -> 0.047895866 | F29: =E29+F27 -> 0.31689855 | G29: =F29+G27 -> 0.77024406 | H29: =G29+H27 -> 0.99691682 | I29: =H29+I27 -> 1
A30: R$ ACUMULADO | D30: =D28 -> 9322.8821 | E30: =D30+E28 -> 80225.05 | F30: =E30+F28 -> 530801.6 | G30: =F30+G28 -> 1290150.4 | H30: =G30+H28 -> 1669824.7 | I30: =H30+I28 -> 1674989
